 Dungeon Crawl Stone Soup version 0.31-a0-174-g85c54bcb58 (webtiles) character file.

Game seed: 7624180016560155059

107 Moral the Slasher (level 4, -1/35 HPs)
             Began as a Demonspawn Gladiator on June 15, 2023.
             Slain by a scorpion (2 damage)
             ... on level 2 of the Dungeon.
             The game lasted 00:07:05 (1555 turns).

Moral the Slasher (Demonspawn Gladiator)            Turns: 1555, Time: 00:07:06

Health: -1/35      AC: 11    Str: 15    XL:     4   Next: 56%
Magic:  4/4        EV: 13    Int:  9    God:
Gold:   158        SH:  0    Dex: 16    Spells: 3/3 levels left

rFire   . . .        a - +0 long sword
rCold   . . .        (no shield)
rNeg    . . .        b - +1 leather armour
rPois   +            c - +0 helmet
rElec   .            (no cloak)
rCorr   .            (no gloves)
SInv    .            (no boots)
Will    .....        n - amulet of the acrobat
Stlth   +            m - ring of poison resistance
HPRegen 0.25/turn    (no ring)
MPRegen 0.09/turn

%: acrobat
@: lethally poisoned (-1 -> -4), weak-willed, sanguine armoured
A: sanguine armour 1
a: no special abilities


You were on level 2 of the Dungeon.
You visited 1 branch of the dungeon, and saw 3 of its levels.

You collected 158 gold pieces.

Inventory:

Hand Weapons
 a - a +0 long sword (weapon)
Armour
 b - a +1 leather armour (worn)
 c - a +0 helmet (worn)
Jewellery
 m - a ring of poison resistance (left hand)
 n - an amulet of the acrobat (around neck)
Wands
 k - a wand of flame (10)
Scrolls
 i - a scroll of identify
Potions
 f - 2 potions of mutation
 g - 2 potions of curing {unknown}
 h - a potion of magic {unknown}
 l - a potion of might {unknown}


   Skills:
 * Level 3.3 Fighting
 * Level 3.7 Long Blades
 - Level 1.8 Throwing
 + Level 3.2 Dodging


You had 3 spell levels left.
You didn't know any spells.
Your spell library contained the following spells:

 Spells                   Type           Power      Damage    Failure   Level
 Slow                     Hex            0%         N/A       45%         1
 Confusing Touch          Hex            0%         N/A       83%         3
 Vampiric Draining        Necr           0%         2d6       83%         3


Dungeon Overview and Level Annotations

Branches:
Dungeon (3/15)

Altars:


Innate Abilities, Weirdness & Mutations

When seriously injured, your blood forms armour. (AC +6)


Message History

You slash the scorpion!
The scorpion is heavily wounded.
You feel sick.
The scorpion stings you but does no damage.
The adder closely misses you. The scorpion closely misses you.
The adder bites you but does no damage. The hobgoblin completely misses you.
You closely miss the scorpion.
The scorpion is heavily wounded.
You feel sick.
You are no longer poisoned.
The adder completely misses you. The scorpion completely misses you.
The hobgoblin misses you. The adder barely misses you.
You hit the scorpion but do no damage.
The scorpion is heavily wounded.
The scorpion stings you.
* * * LOW HITPOINT WARNING * * *
You are lethally poisoned!
The scorpion poisons you!
The hobgoblin hits you but does no damage.
The adder closely misses you. The scorpion closely misses you.
As you read the scroll labelled PELEK SIROURYWK, it crumbles to dust.
Magic quickly surges around you.
It was a scroll of vulnerability.
* * * LOW HITPOINT WARNING * * *
You feel sick. The adder bites you but does no damage. The hobgoblin hits you.
* * * LOW HITPOINT WARNING * * *
The scorpion closely misses you.
As you read the scroll labelled GECKAGH GIKEIQ, it crumbles to dust.
The creatures around you are filled with an inner flame!
It was a scroll of immolation.
* * * LOW HITPOINT WARNING * * *
You feel sick. The adder bites you but does no damage.
The hobgoblin hits you but does no damage.
The scorpion barely misses you. The adder bites you.
* * * LOW HITPOINT WARNING * * *
As you read the scroll labelled HAIBOO VITEA, it crumbles to dust.
It is a scroll of identify.
f - 2 potions of mutation
* * * LOW HITPOINT WARNING * * *
You feel sick. The scorpion stings you.
You die...

##....<.....# #..# #.
#####..##..#.# #..## #.
.........#.#.# ##..# #.
.####.##.....#####.# #. .#
#.###..........###### #####. .#
#.# ####...###......####..... .#
#.# #...#####..#......###. .# #.#
###.S.####...........# .# #.#
#.g@.#####....####.. .#
#.#########.s...........####. .#
#.##............#########.... .#
#.#######.....†..###...)..### .#
#.###.................#####
.####.......###........##.#######
......#....##...##)..#...........
........###...#####....#.#######.
....<.#####.### #.##.#..# #.


You could see a scorpion (inner flame, weak-willed), an adder (inner flame,
weak-willed) and a hobgoblin (inner flame, weak-willed).

Vanquished Creatures
  A sleepcap (D:2)
  Terence (D:2)
  2 adders (D:2)
  A dart slug (D:1)
  3 endoplasms (D:2)
  4 goblins
  A hobgoblin (D:1)
  3 kobolds (D:1)
  A quokka (D:1)
  5 ball pythons
  5 bats
  6 frilled lizards
  5 rats
38 creatures vanquished.

Notes
Turn   | Place    | Note
-------+----------+-------------------------------------------
     0 | D:1      | Moral the Demonspawn Gladiator began the quest for the Orb.
     0 | D:1      | Reached XP level 1. HP: 16/16 MP: 1/1
   149 | D:1      | Gained mutation: When seriously injured, your blood forms
                  | armour. (AC +6) [demonic ancestry]
   149 | D:1      | Reached XP level 2. HP: 22/22 MP: 2/2
   830 | D:2      | Noticed Terence
   837 | D:2      | Killed Terence
   838 | D:2      | Reached XP level 3. HP: 14/28 MP: 3/3
  1207 | D:2      | Reached XP level 4. HP: 27/35 MP: 4/4
  1526 | D:3      | Noticed a scorpion
  1555 | D:2      | HP: 1/35 [poisoned by a scorpion]
  1555 | D:2      | Slain by a scorpion

Illustrated notes

Levels and vault maps discovered:
D:1:      elethiomel_arrival_shortcut, layout_loops_cross
D:2:      layout_rooms, kennysheep_generic_room_5, uniq_terence
D:3:      layout_rooms, mainiacjoe_overflow_alcove_4

Skill      XL: |  1  2  3 |
---------------+----------+-----
Long Blades    | 3 |  3.7
Dodging        | 3 |  3.2
Fighting       | 3 |  3.3
Throwing       | |  1.8

Action                     |  1- 3 |  4- 6 || total
---------------------------+-------+-------++-------
  Melee: Long sword        |   102 |    31 ||   133
         Punch             |     1 |       ||     1
    Use: Scroll            |       |     5 ||     5
   Stab: Sleeping          |     2 |       ||     2
 Armour: Leather armour    |    32 |    21 ||    53
  Dodge: Dodged            |    68 |    42 ||   110

Table legend: (Time is in decaauts)
 A = Elapsed time spent in this place.
 B = Non-inter-level travel time spent in this place.
 C = Inter-level travel time spent in this place.
 D = Time resting spent in this place.
 E = Time spent auto-exploring this place.
 F = Levels seen in this place.
 G = Mean time per level.
                   A        B        C        D        E       F      G
               +--------+--------+--------+--------+--------+-----+--------+
         Total |   1587 |   1515 |     72 |    172 |    954 |   3 |  529.0 |
       Dungeon |   1587 |   1515 |     72 |    172 |    954 |   3 |  529.0 |
               +--------+--------+--------+--------+--------+-----+--------+

Top non-repeatable levels by time:
     D:2: 843 daAuts
     D:1: 738 daAuts
     D:3: 5 daAuts
